 Dungeon Crawl Stone Soup version 0.32-a0-913-g739538afd8 (webtiles) character file.

Game seed: 8726403686893373786

11242 uglyjohn the Skirmisher (level 11, 100/100 HPs)
             Began as a Minotaur Hunter on Apr 8, 2024.
             Was a Priest of Okawaru.
             Quit the game on level 10 of the Dungeon.
             The game lasted 00:24:50 (9660 turns).

uglyjohn the Skirmisher (Minotaur Hunter)           Turns: 9660, Time: 00:24:51

Health: 100/100    AC: 20    Str: 17    XL:     11   Next: 46%
Magic:  13/13      EV: 13    Int:  6    God:    Okawaru [***...]
Gold:   392        SH:  0    Dex: 17    Spells: 10/10 levels left

rFire   + . .        I - +0 orcbow
rCold   . . .        (shield currently unavailable)
rNeg    . . .        J - +2 chain mail {rF+}
rPois   .            (helmet restricted)
rElec   .            F - +0 cloak
rCorr   .            q - +2 pair of gloves
SInv    .            R - +0 pair of boots {Stlth+}
Will    .....        B - amulet of regeneration Stlth
                     l - +4 ring of slaying
HPRegen 1.16/turn    v - +5 ring of evasion
MPRegen 0.13/turn

%: no passive effects
@: no status effects
A: horns 2, retaliatory headbutt
a: Renounce Religion, Heroism


You were on level 10 of the Dungeon.
You worshipped Okawaru.
Okawaru was most pleased with you.
You visited 2 branches of the dungeon, and saw 11 of its levels.
You also visited: Bailey.

You collected 392 gold pieces.

Inventory:

Hand Weapons
 H - a +0 war axe
 I - a +0 orcbow (weapon)
 K - a +2 battleaxe of freezing
Armour
 q - a +2 pair of gloves (worn)
 F - a +0 cloak (worn)
 J - a +2 chain mail of fire resistance (worn)
 O - the +7 scale mail of a sewer {rF- rN+ rCorr Stlth+}
   (You found it on level 10 of the Dungeon)

   rF-:       It makes you vulnerable to fire.
   rN+:       It protects you from negative energy.
   rCorr:     It protects you from acid and corrosion.
   Stlth+:    It makes you more stealthy.
 R - a +0 pair of boots of stealth (worn)
 T - a +3 plate armour of fire resistance
Jewellery
 l - a +4 ring of slaying (left hand)
 p - an amulet of guardian spirit
 v - a +5 ring of evasion (right hand)
 A - a ring of poison resistance
 B - an amulet of regeneration (around neck)
 C - a ring of positive energy
 D - a ring of protection from fire
 L - a +5 ring of evasion
 P - a +6 ring of dexterity
Wands
 s - a wand of warping (21)
 u - a wand of flame (31)
 z - a wand of digging (9)
 E - a wand of polymorph (20)
 Q - a wand of mindburst (4)
Scrolls
 a - 3 scrolls of fear {unknown}
 b - a scroll of butterflies
 f - a scroll of vulnerability {unknown}
 h - a scroll of amnesia {unknown}
 k - 7 scrolls of teleportation
 m - a scroll of revelation {unknown}
 n - 3 scrolls of poison {unknown}
 w - 2 scrolls of blinking {unknown}
 x - a scroll of enchant weapon {unknown}
 y - 2 scrolls of brand weapon {unknown}
 M - a scroll of summoning {unknown}
 N - a scroll of torment {unknown}
Potions
 c - 4 potions of enlightenment
 d - 5 potions of curing
 e - 4 potions of haste
 g - 2 potions of ambrosia {unknown}
 i - 2 potions of lignification {unknown}
 j - 2 potions of mutation {unknown}
 o - 2 potions of might {unknown}
 r - 2 potions of brilliance {unknown}
 t - 3 potions of heal wounds
 S - 2 potions of cancellation {unknown}
 U - a potion of resistance {unknown}


   Skills:
 - Level 10.2 Fighting
 + Level 5.8 Axes
 - Level 13.7 Ranged Weapons
 - Level 10.3 Armour
 - Level 2.1 Dodging
 - Level 0.7 Stealth
 + Level 4.8 Invocations


You had 10 spell levels left.
You didn't know any spells.
Your spell library contained the following spells:

 Spells                   Type           Power      Damage    Failure   Level
 Kiss of Death            Conj/Necr      0%         2d5       98%         1
 Static Discharge         Conj/Air       0%         3-3/arc   99%         2
 Confusing Touch          Hex            0%         N/A       100%        3
 Airstrike                Air            0%         2d(0-16)  100%        4
 Dispel Undead            Necr           0%         3d6       100%        4
 Summon Lightning Spire   Summ/Air       Unusable   N/A       N/A         4

Dungeon Overview and Level Annotations

Branches:
Dungeon (10/15)            Temple (1/1) D:6            Lair (0/5) D:9
    Orc (0/2) D:9          Bailey (visited)

Altars:
Ashenzari
Cheibriados
Dithmenos
Elyvilon
Fedhas
Gozag
Hepliaklqana
Kikubaaqudgha
Makhleb
Nemelex Xobeh
Okawaru
Qazlal
Ru
Sif Muna
Trog
Uskayaw
Vehumet
Wu Jian
Xom
Yredelemnul
Zin
The Shining One
Lugonu

Shops:
D:2 [

Annotations:
D:9 2 transporters


Innate Abilities, Weirdness & Mutations

You have a pair of horns on your head.
You reflexively headbutt those who attack you in melee.


Message History

Found a stone staircase leading up.
You shoot an arrow. Something hits you.
Deactivating autopickup; reactivate with Ctrl-A.
Something hits you but does no damage. Something barely misses you.
Something hits you but does no damage. Something hits you but does no damage.
You shoot an arrow. Something hits you but does no damage.
Something barely misses you. Something hits you but does no damage.
You shoot an arrow. Something hits you. Something hits you but does no damage.
You shoot an arrow. Something hits you. x2
You shoot an arrow.
Something hits you but does no damage. x3
You shoot an arrow.
Something hits you but does no damage. x2
You shoot an arrow. Something hits you! Something hits you but does no damage.
Something hits you.
You shoot an arrow. Something hits you but does no damage.
You shoot an arrow. Something hits you but does no damage.
You shoot an arrow.
Something hits you but does no damage. x2
You shoot an arrow.
Something hits you but does no damage. x2
You shoot an arrow.
Something hits you but does no damage. x2
You shoot an arrow. Okawaru accepts your kill.
Reactivating autopickup.
You feel a bit more experienced.
You shoot an arrow.
You start resting.
HP restored.
There is a stone staircase leading up here.
You open the door.
There is an open door here.
There is an open door here.
There is an open door here.
There is an open door here.
You open the door.
There is an open door here.
You open the door.
There is an open door here.
Found a war axe.
Okay, then.
Are you sure you want to abandon this character and quit the game? (Confirm with "yes".)

.....# #.#
##.### #.# #.#
#.# ##'## #.#
#...## #.#
...<.## #.#
......## #.#
.......####...
#.#
.......'.[....
#@#
......<####...
#.# ......##
$.. .....##
##.#. #...##
..#.# ##'##
.## # #.# .
##.# .) .#.##


There were no monsters in sight!

Vanquished Creatures
  A centaur warrior (D:10)
  Sonja (D:10)
  Pikel (D:5)
  Maurice (D:7)
  Joseph (D:10)
  A gargoyle (Bailey)
  A komodo dragon (D:9)
  An unseen horror (D:10)
  Grinder (D:5)
  Prince Ribbit (D:5)
  A shadow (D:10)
  17 yaks
  A vampire (Bailey)
  3 steam dragons
  Edmund (D:6)
  Duvessa (D:5)
  An acid dragon (D:9)
  2 water moccasins
  2 orc warriors
  A black bear (D:8)
  A sky beast (D:7)
  2 ogres (D:5)
  A lemure (D:4)
  4 centaurs
  A kobold brigand (D:10)
  5 bullfrogs
  3 gnoll sergeants (D:9)
  5 scorpions
  Dowan (D:5)
  3 wights (D:9)
  7 vampire bats (Bailey)
  7 howler monkeys
  7 wolf zombies (Bailey)
  A bombardier beetle (D:6)
  6 orc priests
  4 jellies
  Crazy Yiuf (D:5)
  2 gnoll boudas (D:9)
  5 hounds (D:9)
  Jessica (D:3)
  2 sleepcaps
  Ijyb (D:4)
  Natasha (thrice) (D:3)
  5 iguanas
  7 orc wizards
  13 gnolls
  8 adders
  3 white imps
  3 dart slugs
  A ribbon worm (D:2)
  36 orcs
  8 endoplasms
  4 giant cockroaches
  12 goblins
  5 hobgoblins
  10 jackals
  7 quokkas
  2 ball pythons (D:4)
  9 bats
  3 frilled lizards
  18 kobolds
  20 orc zombies (Bailey)
  6 rats
293 creatures vanquished.

Vanquished Creatures (others)
  An orc wizard (D:5)
  An adder (D:6)
2 creatures vanquished.

Grand Total: 295 creatures vanquished

Notes
Turn   | Place    | Note
-------+----------+-------------------------------------------
     0 | D:1      | uglyjohn the Minotaur Hunter began the quest for the Orb.
     0 | D:1      | Reached XP level 1. HP: 18/18 MP: 0/0
    47 | D:1      | Reached skill level 1 in Armour
    76 | D:1      | Reached XP level 2. HP: 25/25 MP: 1/1
   342 | D:1      | Reached skill level 5 in Ranged Weapons
   342 | D:1      | Reached XP level 3. HP: 30/30 MP: 2/2
   942 | D:2      | Found Juycvap's Armour Shop.
  1598 | D:2      | Reached XP level 4. HP: 37/37 MP: 3/3
  2037 | D:3      | Noticed Natasha
  2046 | D:3      | Killed Natasha
  2047 | D:3      | Reached XP level 5. HP: 33/45 MP: 4/4
  2103 | D:3      | Noticed Jessica
  2109 | D:3      | Killed Jessica
  2149 | D:3      | Reached skill level 6 in Ranged Weapons
  2176 | D:3      | Noticed Natasha
  2182 | D:3      | Killed Natasha
  2284 | D:3      | Found a faded altar of an unknown god.
  2361 | D:3      | Noticed Natasha
  2364 | D:3      | Killed Natasha
  2985 | D:4      | Noticed Ijyb
  3005 | D:4      | Killed Ijyb
  3006 | D:4      | Reached XP level 6. HP: 27/51 MP: 0/5
  3772 | D:5      | Entered Level 5 of the Dungeon
  3828 | D:5      | Noticed a water moccasin
  3844 | D:5      | Killed a water moccasin
  3845 | D:5      | Reached skill level 7 in Ranged Weapons
  3845 | D:5      | Reached XP level 7. HP: 53/60 MP: 6/6
  3988 | D:5      | Found an ornate altar of the Wu Jian Council.
  3997 | D:5      | Reached skill level 5 in Armour
  4052 | D:5      | Noticed Duvessa
  4052 | D:5      | Noticed Dowan
  4071 | D:5      | Killed Duvessa
  4078 | D:5      | Killed Dowan
  4138 | D:5      | Noticed Prince Ribbit
  4164 | D:5      | Killed Prince Ribbit
  4165 | D:5      | Reached skill level 5 in Fighting
  4165 | D:5      | Reached skill level 8 in Ranged Weapons
  4218 | D:5      | Reached XP level 8. HP: 69/69 MP: 7/7
  4240 | D:5      | Found a runed translucent door.
  4241 | D:5      | Noticed Crazy Yiuf
  4397 | D:5      | Reached skill level 9 in Ranged Weapons
  4563 | D:5      | Noticed Pikel
  4583 | D:5      | Killed Pikel
  4728 | D:5      | Reached skill level 10 in Ranged Weapons
  4748 | D:5      | Noticed Grinder
  4764 | D:5      | Paralysed by Grinder for 2 turns
  4770 | D:5      | Killed Grinder
  4771 | D:5      | Reached XP level 9. HP: 61/79 MP: 8/8
  5101 | D:5      | Killed Crazy Yiuf
  5343 | D:6      | Noticed Edmund
  5372 | D:6      | Killed Edmund
  5597 | D:6      | Found a radiant altar of Vehumet.
  5865 | D:6      | Found a staircase to the Ecumenical Temple.
  5962 | D:7      | Found a blossoming altar of Fedhas.
  5987 | D:7      | Reached skill level 11 in Ranged Weapons
  6125 | D:7      | Noticed Maurice
  6172 | D:7      | Killed Maurice
  6646 | Temple   | Entered the Ecumenical Temple
  6944 | D:8      | Reached XP level 10. HP: 90/90 MP: 9/9
  7138 | D:8      | Reached skill level 12 in Ranged Weapons
  7496 | D:9      | Noticed a red ugly thing
  7497 | D:9      | Found a corrupted altar of Lugonu.
  7793 | D:9      | Found a staircase to the Lair.
  7800 | D:9      | Reached skill level 13 in Ranged Weapons
  7813 | D:9      | Found a bloodstained altar of Trog.
  7813 | D:9      | Found an iron altar of Okawaru.
  7818 | D:9      | Found a white marble altar of Elyvilon.
  7850 | D:9      | Found an ancient bone altar of Kikubaaqudgha.
  7858 | D:9      | Identified the +4 flail of the Big Bang {drain, *Noise
                  | *Slow Fly Will++}
  7859 | D:9      | Found a sparkling altar of Nemelex Xobeh.
  7879 | D:9      | Reached skill level 10 in Armour
  7900 | D:9      | Became a worshipper of Warmaster Okawaru
  7909 | D:9      | Reached skill level 10 in Fighting
  8023 | D:9      | Reached * piety under Okawaru
  8088 | D:9      | Found a staircase to the Orcish Mines.
  8091 | D:9      | Found a transporter.
  8096 | D:9      | Reached XP level 11. HP: 100/100 MP: 10/10
  8125 | D:9      | Found a transporter.
  8151 | D:9      | Found a hide-covered altar of Uskayaw.
  8206 | D:9      | Reached skill level 1 in Axes
  8206 | D:9      | Reached skill level 1 in Invocations
  8473 | D:10     | Entered Level 10 of the Dungeon
  8503 | D:10     | Noticed Joseph
  8512 | D:10     | Killed Joseph
  8562 | D:10     | Identified the +7 scale mail of a sewer {rF- rN+ rCorr
                  | Stlth+}
  8702 | D:10     | Noticed Sonja
  8709 | D:10     | Killed Sonja
  8709 | D:10     | Reached ** piety under Okawaru
  8749 | D:10     | Found a flagged portal.
  8771 | Bailey   | Entered a bailey
  9294 | D:10     | Reached skill level 5 in Axes
  9348 | D:10     | Noticed a centaur warrior
  9366 | D:10     | Killed a centaur warrior
  9366 | D:10     | Reached *** piety under Okawaru
  9660 | D:10     | Quit the game

Illustrated notes

Levels and vault maps discovered:
D:1:      giann_bridges, layout_basic, serial_forest,
          infiniplex_forest_fountain, infiniplex_forest_clump_medium,
          infiniplex_forest_zigzag_1, infiniplex_forest_end_1,
          infiniplex_forest_corner_2, st_stairs_14
D:2:      layout_basic, serial_shops, shop_fountains
D:3:      layout_basic, chequers_ecumenical_altar_grove, uniq_natasha,
          uniq_jessica
D:4:      layout_rooms, uniq_ijyb
D:5:      layout_loops_corners, nicolae_wu_jian_immortal_techniques,
          uniq_grinder, uniq_prince_ribbit1, uniq_crazy_yiuf_cottage,
          uniq_pikel, uniq_duvessa
D:6:      layout_basic, nicolae_overflow_crystal_walls, temple_doors_ab,
          uniq_edmund
D:7:      layout_basic, general_overflow_altar, skrybe_limestone_x, uniq_maurice
D:8:      layout_loops_ring, st_stairs_11
D:9:      gammafunk_corrupted_shrine, layout_cave_pools, lemuel_round_altar,
          overflow_temple_1_default, nicolae_overflow_macrodata_refinement,
          grunt_lair_entry_orc_guard_hut, orc_0_dummy, serial_gnoll_camp,
          gnoll_camp_huts_basic, gnoll_camp_mini_hut, gnoll_camp_mini_basic,
          gnoll_camp_mini_hut
D:10:     layout_loops_corners, enter_bailey_5, serial_library_hellmonk_room_b,
          uniq_sonja, uniq_joseph
Temple:   hellmonk_temple_forest_ring

Skill      XL: |  1  2  3  4  5  6  7  8  9 10 11 |
---------------+----------------------------------+-----
Armour         | 1 2 3 4 5 7 8 10 | 10.3
Ranged Weapons | 5 6 7 8 10 11 13 | 13.7
Fighting       | 3 4 5 7 8 10 | 10.2
Axes           | 5 |  5.8
Invocations    | 4 |  4.8
Dodging        | |  2.1
Stealth        | |  0.7

Action                     |  1- 3 |  4- 6 |  7- 9 | 10-12 || total
---------------------------+-------+-------+-------+-------++-------
  Melee: Shortbow          |       |       |     1 |       ||     1
   Fire: Shortbow          |   122 |   226 |   294 |       ||   642
         Orcbow            |       |       |   118 |   413 ||   531
  Evoke: Wand              |       |       |     1 |       ||     1
    Use: Scroll            |       |       |     3 |     2 ||     5
         Potion            |       |       |       |     1 ||     1
 Armour: Leather armour    |    41 |       |       |       ||    41
         Ring mail         |       |    51 |       |       ||    51
         Scale mail        |       |    44 |   114 |       ||   158
         Chain mail        |       |       |    66 |   254 ||   320
         Skin              |       |       |     1 |       ||     1
  Dodge: Dodged            |    40 |    68 |   144 |   169 ||   421

Table legend: (Time is in decaauts)
 A = Elapsed time spent in this place.
 B = Non-inter-level travel time spent in this place.
 C = Inter-level travel time spent in this place.
 D = Time resting spent in this place.
 E = Time spent auto-exploring this place.
 F = Levels seen in this place.
 G = Mean time per level.
                   A        B        C        D        E       F      G
               +--------+--------+--------+--------+--------+-----+--------+
         Total |   9844 |   9451 |    393 |    554 |   6410 |  12 |  820.3 |
       Dungeon |   9469 |   9076 |    393 |    554 |   6267 |  10 |  946.9 |
        Temple |      7 |      7 |      0 |      0 |      0 |   1 |    7.0 |
        Bailey |    366 |    366 |      0 |      0 |    143 |   1 |  366.0 |
               +--------+--------+--------+--------+--------+-----+--------+

Top non-repeatable levels by time:
     D:5: 1363 daAuts
     D:3: 1090 daAuts
     D:9: 987 daAuts
     D:2: 976 daAuts
     D:1: 924 daAuts
     D:6: 898 daAuts
     D:4: 888 daAuts
    D:10: 843 daAuts
     D:8: 830 daAuts
     D:7: 666 daAuts
  Bailey: 366 daAuts
  Temple: 7 daAuts
